 Dungeon Crawl Stone Soup version 0.24-a0-380-g7ade4d1b3c (webtiles) character file.

Game seed: 18112619691635171657

751 Peloso the Slasher (level 7, 0/61 HPs)
             Began as a Minotaur Fighter on June 3, 2019.
             Slain by an unseen horror (7 damage)
             ... on level 5 of the Dungeon.
             The game lasted 00:07:28 (3523 turns).

Peloso the Slasher (Minotaur Fighter)               Turns: 3523, Time: 00:07:29

Health: 0/61       AC:  8    Str: 21    XL:     7   Next: 49%
Magic:  6/6        EV:  9    Int:  5    God:
Gold:   240        SH: 15    Dex: 11    Spells: 6/6 levels left

rFire    . . .     SeeInvis .   a - +0 long sword
rCold    . . .     Gourm    .   c - +0 shield
rNeg     . . .     Faith    .   b - +0 scale mail
rPois    .         Spirit   .   (helmet restricted)
rElec    .         Reflect  +   (no cloak)
rCorr    .         Harm     .   (no gloves)
MR       .....                  r - +0 pair of boots
Stlth    ..........             q - +5 amulet of reflection (curse)
HPRegen  0.20/turn              p - ring of flight
MPRegen  0.10/turn              (no ring)

@: berserk cooldown, slowed, very slow
A: retaliatory headbutt, horns 2
a: Evoke Flight


You were on level 5 of the Dungeon.
You were not hungry.

You visited 1 branch of the dungeon, and saw 5 of its levels.

You collected 240 gold pieces.

Inventory:

Hand Weapons
 a - a +0 long sword (weapon)
Armour
 b - a +0 scale mail (worn)
 c - a +0 shield (worn)
 r - a +0 pair of boots (worn)
Jewellery
 o - an uncursed amulet of rage
 p - a ring of flight (left hand)
 q - a cursed +5 amulet of reflection (around neck)
Scrolls
 g - a scroll of remove curse {unknown}
 i - 2 scrolls of enchant weapon {unknown}
 m - a scroll of enchant armour {unknown}
 s - a scroll of fog {unknown}
 t - a scroll of magic mapping {unknown}
 u - a scroll of amnesia {unknown}
 v - 2 scrolls of fear {unknown}
Potions
 e - 2 potions of haste
 h - a potion of berserk rage
 k - a potion of resistance
 l - a potion of agility
 n - 2 potions of heal wounds {unknown}
 w - a potion of cancellation {unknown}
 x - a potion of lignification {unknown}
Comestibles
 f - 9 rations


   Skills:
 + Level 5.3 Fighting
 + Level 5.8 Long Blades
 + Level 5.6 Armour
 + Level 3.5 Dodging
 + Level 0.4 Stealth
 + Level 5.6 Shields


You had 6 spell levels left.
You didn't know any spells.
Your spell library contained the following spells:

 Spells                   Type           Power        Failure   Level  Hunger
 Corona                   Hex            #......      99%         1    ##.....
 Ensorcelled Hibernation  Hex/Ice        #.....       100%        2    ###....
 Confuse                  Hex            #.......     100%        3    ####...
 Dazzling Spray           Conj/Hex       #.....       100%        3    ####...
 Tukima's Dance           Hex            #.......     100%        3    ####...


Dungeon Overview and Level Annotations

Branches:
Dungeon (5/15)
 Temple: D:4-7

Altars:
Wu Jian


Innate Abilities, Weirdness & Mutations

You reflexively headbutt those who attack you in melee.
You have a pair of horns on your head.


Message History

You hit something. Your headbutt misses something. Something hits you!
* * * LOW HITPOINT WARNING * * *
A red film seems to cover your vision as you go berserk!
You feel yourself moving faster!
You feel mighty! Something hits you but does no damage.
You feel a strong urge to attack something.
Something hits you but does no damage. x2
Something hits you.
* * * LOW HITPOINT WARNING * * *
You block something's attack.
You feel your anger nearly subside.
You are no longer berserk.
You are exhausted.
You feel yourself slow down. You block something's attack. Something hits you.
* * * LOW HITPOINT WARNING * * *
Something hits you but does no damage. Something hits you.
* * * LOW HITPOINT WARNING * * *
You feel better.
Something hits you but does no damage. x2
Something hits you!
You die...

##.######≈≈?≈≈#...[...#
#)##≈;;##.$$≈≈#.......#
#≈#≈≈.;≈#.P..$#.......#
#≈#≈.≈.[#PP...#.......#
#≈#$P≈P!#.....#.......#
#.#≈P.P≈# #.......#
#.#.....# +###......#
#.# #####..#......#.
#.## +##≈≈≈.@##........
##.####.≈≈#####.........
##≈≈≈..###............#
#######..............#
#...................#
##...................#
#....................#
##.....................
##....................#


There were no monsters in sight!

Vanquished Creatures
  Grinder (D:4)
  Blork the orc (D:4)
  A bullfrog zombie (D:3)
  A hound (D:5)
  2 orc wizards (D:5)
  An iguana (D:4)
  3 worker ants
  Robin (D:3)
  4 adders
  2 oozes
  6 worms
  2 dart slugs
  4 leopard geckos
  13 orcs
  2 ball pythons
  10 bats
  5 giant cockroaches
  11 goblins
  11 hobgoblins
  4 jackals (D:1)
  4 kobolds
  3 quokkas
  7 frilled lizards
  5 rats
104 creatures vanquished.

Vanquished Creatures (others)
  A centaur (D:5)
1 creature vanquished.

Grand Total: 105 creatures vanquished

Notes
Turn   | Place    | Note
-------+----------+-------------------------------------------
     0 | D:1      | Peloso the Minotaur Fighter began the quest for the Orb.
     0 | D:1      | Reached XP level 1. HP: 19/19 MP: 0/0
   131 | D:1      | Reached XP level 2. HP: 27/27 MP: 1/1
   311 | D:1      | You fall into a shaft and drop 1 floor!
   487 | D:2      | Reached XP level 3. HP: 31/33 MP: 2/2
   524 | D:2      | Found an ornate altar of the Wu Jian Council.
  1472 | D:2      | Reached XP level 4. HP: 41/41 MP: 3/3
  1800 | D:3      | Reached skill level 1 in Dodging
  1877 | D:3      | Noticed Robin
  1916 | D:3      | Killed Robin
  1916 | D:3      | Reached XP level 5. HP: 35/47 MP: 4/4
  2818 | D:4      | Reached XP level 6. HP: 50/53 MP: 5/5
  2894 | D:4      | Noticed Blork the orc
  2903 | D:4      | Killed Blork the orc
  2903 | D:4      | Reached skill level 5 in Shields
  2941 | D:4      | Noticed Grinder
  2949 | D:4      | Paralysed by Grinder for 4 turns
  2955 | D:4      | Killed Grinder
  2955 | D:4      | Reached skill level 5 in Fighting
  2955 | D:4      | Reached skill level 5 in Long Blades
  2955 | D:4      | Reached skill level 5 in Armour
  2955 | D:4      | Reached XP level 7. HP: 32/61 MP: 6/6
  3302 | D:5      | Entered Level 5 of the Dungeon
  3522 | D:5      | HP: 2/61 [something (5)]
  3523 | D:5      | Slain by an unseen horror

Levels and vault maps discovered:
D:1:      matt_arrival_grand_opening, layout_loops_ring, minmay_crystal_water
D:2:      layout_loops_corners, lemuel_crystal_altar, grunt_decor_mini_mirrors
D:3:      layout_basic, first_ration, uniq_robin
D:4:      layout_basic, uniq_grinder, uniq_blork_the_orc
D:5:      cheibrodos_two_vegetables, layout_layer_cave, serial_shops,
          kennysheep_little_box, bh_walls_and_bars

Skill      XL: |  1  2  3  4  5  6 |
---------------+-------------------+-----
Long Blades    | 3 4 5 |  5.8
Fighting       | 4 5 |  5.3
Armour         | 4 5 |  5.6
Shields        | 4 5 |  5.6
Dodging        | 1 2 3 |  3.5
Stealth        | |  0.4

Action                   |  1- 3 |  4- 6 |  7- 9 || total
-------------------------+-------+-------+-------++-------
Melee: Long sword        |    74 |   166 |    28 ||   268
       Headbutt          |    12 |    26 |     5 ||    43
  Use: Potion            |       |     1 |     2 ||     3
       Scroll            |       |       |     5 ||     5
  Eat: Chunk             |     1 |     5 |     3 ||     9
Armor: Scale mail        |    36 |    46 |    20 ||   102
Dodge: Dodged            |    35 |    47 |    14 ||    96
Block: Shield            |    47 |   110 |    36 ||   193
       Reflection        |       |     2 |     3 ||     5
       Rpst.: Long sword |    10 |    12 |     4 ||    26

Table legend:
 A = Non-vault XP
 B = Vault XP
 C = Vault XP percentage of total XP
 D = Non-vault monster count
 E = Vault monster count
 F = Vault count percentage of total count
                 A         B        C        D         E       F
            +---------+---------+-------+---------+---------+-------
      Total |     620 |     454 |  42.3 |      91 |      14 |  13.3
            +---------+---------+-------+---------+---------+-------
        D:1 |      44 |       0 |   0.0 |      22 |       0 |   0.0
        D:2 |      88 |       0 |   0.0 |      28 |       0 |   0.0
        D:3 |     111 |      34 |  23.4 |      20 |      11 |  35.5
        D:4 |     137 |     380 |  73.5 |      14 |       2 |  12.5
        D:5 |     240 |      40 |  14.3 |       7 |       1 |  12.5
            +---------+---------+-------+---------+---------+-------
